 Dungeon Crawl Stone Soup version 0.20.1-1-g8b1a95d (webtiles) character file.

1614 polve the Zephyrmancer (level 8, -8/47 HPs)
             Began as a Tengu Air Elementalist on July 9, 2017.
             Mangled by polve's ghost (18 damage)
             ... on level 6 of the Dungeon.
             The game lasted 00:10:50 (8723 turns).

polve the Zephyrmancer (Tengu Air Elementalist)     Turns: 8723, Time: 00:10:50

Health: -8/47      AC:  5    Str:  9    XL:     8   Next: 96%
Magic:  1/12       EV: 14    Int: 18    God:
Gold:   338        SH:  0    Dex: 12    Spells: 0/11 levels left

rFire    . . .     SeeInvis +   h - +0 dagger (venom)
rCold    + . .     Gourm    .   (no shield)
rNeg     . . .     Faith    .   a - +0 robe
rPois    .         Spirit   .   (helmet restricted)
rElec    .         Reflect  .   t - +0 cloak
rCorr    .         Harm     .   (no gloves)
MR       .....                  (boots unavailable)
Stlth    ++........             (no amulet)
Regen    0.2/turn               p - ring of see invisible
MPRegen  0.2/turn               y - ring of protection from cold

@: no status effects
A: beak, talons 3, repulsion field 1, thin metallic scales 1, clumsy 1, frail 1,
able to fly 1
a: Fly


You were on level 6 of the Dungeon.
You were very hungry.

You visited 1 branch of the dungeon, and saw 6 of its levels.

You collected 338 gold pieces.

Inventory:

Hand Weapons
 h - a +0 dagger of venom (weapon)
Armour
 a - a +0 robe (worn)
 t - a +0 cloak (worn)
Jewellery
 p - a ring of see invisible (left hand)
 y - a ring of protection from cold (right hand)
Scrolls
 d - 8 scrolls of teleportation
 g - 3 scrolls of magic mapping
 j - 2 scrolls of blinking {unknown}
 k - 2 scrolls of recharging {unknown}
 n - 5 scrolls of remove curse
 s - 3 scrolls of fog {unknown}
 w - a scroll of amnesia {unknown}
 x - 2 scrolls of enchant weapon {unknown}
 C - a scroll of enchant armour {unknown}
 F - a scroll of summoning {unknown}
Potions
 e - 2 potions of flight
 i - 2 potions of curing
 r - 3 potions of lignification
 v - a potion of magic {unknown}
 z - a potion of invisibility {unknown}
Books
 b - a book of Air

   Spells                             Type                      Level
   a - Shock                          Conjuration/Air              1
   b - Swiftness                      Charms/Air                   2
   c - Static Discharge               Conjuration/Air              3
   d - Airstrike                      Air                          4
   e - Lightning Bolt                 Conjuration/Air              5
Comestibles
 c - 4 bread rations
 f - 4 meat rations
 l - a fruit
 E - a royal jelly


   Skills:
 * Level 7.5 Fighting
 - Level 2.1 Dodging
 - Level 2.0 Stealth
 - Level 2.0 Spellcasting
 + Level 7.3 Conjurations
 + Level 8.4 Air Magic


You couldn't memorise any spells.
You knew the following spells:

 Your Spells              Type           Power        Failure   Level  Hunger
a - Shock                 Conj/Air       ####         1%          1    #......
b - Static Discharge      Conj/Air       ####....     2%          3    ###....
c - Apportation           Tloc           #.....       19%         1    #......
d - Airstrike             Air            ####......   5%          4    #####..
s - Swiftness             Chrm/Air       ###.....     4%          2    ###....


Dungeon Overview and Level Annotations

Branches:
Dungeon (6/15)
 Temple: D:4-7

Altars:
Cheibriados
Makhleb
Sif Muna

Shops:
D:6 (

Annotations:
D:6 polve's ghost, novice TeAE


Innate Abilities, Weirdness & Mutations

You have a beak for a mouth.
You have claws for feet.
You can fly.
You are surrounded by a mild repulsion field. (EV +2)
You are partially covered in thin metallic scales. (AC +2)
You are clumsy. (Dex -2)
You are frail. (-10% HP)


Message History

Your kick misses the worker ant.
The worker ant is lightly wounded.
Polve's ghost closely misses you. The worker ant misses you.
You hit the worker ant.
The worker ant looks as sick as possible!
Your kick misses the worker ant.
The worker ant is almost dead.
You kill the worker ant!
Polve's ghost hits you!
You are electrocuted!
* * * LOW HITPOINT WARNING * * *
Casting: Shock
Confirm with . or Enter, or press ? or * to list all spells.
You don't have enough magic to cast that spell.
Polve's ghost hits you.
* * * LOW HITPOINT WARNING * * *
You don't have enough magic at the moment.
You don't have enough magic at the moment.
Polve's ghost hits you but does no damage.
You are electrocuted!
You die...

..%# #........# #.../..#### #
...# #........# #......# #
...####...(##### ##......########
.....##....#######...).).........
.#...#...........#.....##########
...................>..........[.[
...............#.#.....##########
.....).#..)###.#.#.....#
.....g.#...# #.#@#.....#
.####..#..(# #.#W#.....# .#
#..#...# #.#.#.....# .
###g.#...###)#.#.....#
#<...........#.#.#####
#######.#....#.#.# .........'.#.#
###.#....###.## #.#.........#
########


You could see polve's ghost.

Vanquished Creatures
  Menkaure (D:4)
  Edmund (D:5)
  The ghost of scotch the Cutter, an amateur VSGl (D:4)
  A sky beast (D:6)
  A centaur (D:6)
  An ogre (D:5)
  A phantom (D:5)
  A scorpion (D:5)
  A howler monkey (D:5)
  2 crimson imps
  A centaur zombie (D:5)
  5 orc wizards
  An orc priest (D:6)
  Crazy Yiuf (D:3)
  4 hounds
  3 iguanas (D:4)
  Terence (D:3)
  3 worker ants (D:6)
  3 gnolls
  8 adders
  A shadow imp (D:6)
  2 oozes
  2 worms
  A dart slug (D:1)
  6 leopard geckos
  13 orcs
  A ball python (D:4)
  7 bats
  A giant cockroach (D:3)
  11 goblins
  16 hobgoblins
  8 jackals
  5 quokkas
  3 frilled lizards
  10 kobolds
  8 rats
136 creatures vanquished.

Notes
Turn   | Place    | Note
-------+----------+-------------------------------------------
     0 | D:1      | polve the Tengu Air Elementalist began the quest for the Orb.
     0 | D:1      | Reached XP level 1. HP: 10/10 MP: 4/4
   498 | D:1      | Reached XP level 2. HP: 14/15 MP: 6/6
  1131 | D:1      | Reached skill level 1 in Fighting
  1131 | D:1      | Reached XP level 3. HP: 17/20 MP: 7/7
  1232 | D:1      | Learned a level 2 spell: Swiftness
  2140 | D:2      | Reached XP level 4. HP: 26/26 MP: 8/8
  2446 | D:3      | Reached skill level 5 in Air Magic
  2693 | D:3      | Noticed Terence
  2707 | D:3      | Killed Terence
  2707 | D:3      | Gained mutation: You can fly. [Tengu growth]
  2707 | D:3      | Reached XP level 5. HP: 23/31 MP: 4/9
  3489 | D:3      | Found a runed door.
  3602 | D:3      | Noticed Crazy Yiuf
  3622 | D:3      | Killed Crazy Yiuf
  3921 | D:4      | Noticed scotch's ghost (amateur VSGl)
  4081 | D:3      | Learned a level 3 spell: Static Discharge
  4598 | D:4      | Reached XP level 6. HP: 31/37 MP: 2/10
  4720 | D:4      | Found a snail-covered altar of Cheibriados.
  4814 | D:4      | Killed scotch's ghost
  4814 | D:4      | Reached skill level 6 in Air Magic
  5332 | D:4      | Noticed Menkaure
  5339 | D:4      | Killed Menkaure
  5339 | D:4      | Reached skill level 5 in Conjurations
  5339 | D:4      | Reached XP level 7. HP: 25/44 MP: 3/11
  5515 | D:4      | Reached skill level 5 in Fighting
  5965 | D:5      | Entered Level 5 of the Dungeon
  5997 | D:5      | Reached skill level 7 in Air Magic
  6133 | D:5      | Found a deep blue altar of Sif Muna.
  6147 | D:5      | Reached XP level 8. HP: 51/51 MP: 7/12
  6164 | D:5      | Identified Sif Muna's Incunabulum of Dislocation
  6170 | D:5      | Learned a level 1 spell: Apportation
  6175 | D:5      | Learned a level 4 spell: Airstrike
  6574 | D:5      | Noticed Edmund
  6594 | D:5      | Killed Edmund
  7487 | D:6      | Found a burning altar of Makhleb.
  7656 | D:6      | HP: 1/52 [centaur (6)]
  7659 | D:6      | Reached skill level 8 in Air Magic
  8183 | D:6      | Gained mutation: You have a somewhat thin skeletal structure. (Dex +2, Stealth) [mutagenic meat]
  8184 | D:6      | Gained mutation: You are occasionally teleported next to monsters. [mutagenic meat]
  8185 | D:6      | Gained mutation: You have a pair of small antennae on your head. [mutagenic meat]
  8270 | D:6      | Noticed polve's ghost (novice TeAE)
  8381 | D:6      | Found Kusipt's Antique Weapon Boutique.
  8589 | D:5      | Lost mutation: You have a somewhat thin skeletal structure. (Dex +2, Stealth) [potion of mutation]
  8589 | D:5      | Lost mutation: You have a pair of small antennae on your head. [potion of mutation]
  8589 | D:5      | Lost mutation: You are occasionally teleported next to monsters. [potion of mutation]
  8589 | D:5      | Gained mutation: You are clumsy. (Dex -2) [potion of mutation]
  8589 | D:5      | Gained mutation: You are frail. (-10% HP) [potion of mutation]
  8589 | D:5      | Gained mutation: You are surrounded by a mild repulsion field. (EV +2) [potion of mutation]
  8589 | D:5      | Gained mutation: You are partially covered in thin metallic scales. (AC +2) [potion of mutation]
  8723 | D:6      | Mangled by polve's ghost

Skill      XL: |  1  2  3  4  5  6  7  8 |
---------------+-------------------------+-----
Conjurations   | 2 3 4 5 7 |  7.3
Fighting       | 1 2 3 4 5 7 |  7.5
Air Magic      | 5 6 7 8 |  8.4
Dodging        | |  2.1
Stealth        | |  2.0
Spellcasting   | |  2.0

Action                   |  1- 3 |  4- 6 |  7- 9 || total
-------------------------+-------+-------+-------++-------
Melee: Dagger            |    61 |    53 |    48 ||   162
       Kick              |    14 |    16 |    19 ||    49
       Peck              |     8 |     6 |     8 ||    22
 Cast: Shock             |    15 |   117 |   156 ||   288
       Swiftness         |       |     2 |     3 ||     5
 Abil: Fly               |       |       |     5 ||     5
  Use: Scroll            |       |     2 |     5 ||     7
       Potion            |       |       |     7 ||     7
 Stab: Sleeping          |     3 |     1 |       ||     4
  Eat: Chunk             |     4 |    11 |    16 ||    31
       Fruit             |       |     1 |       ||     1
Armor: Robe              |     6 |    11 |     8 ||    25
Dodge: Dodged            |    32 |    69 |    64 ||   165
